 Dungeon Crawl Stone Soup version 0.30-a0-760-g5a9884bb7c (webtiles) character file.

Game seed: 10955054518343762145

1632572 SnakkuSnakku7 the Invulnerable (level 27, 319/319 HPs)
             Began as an Armataur Monk on Feb 12, 2023.
             Escaped with the Orb
             ... and 3 runes!
             The game lasted 02:37:45 (76023 turns).

SnakkuSnakku7 the Invulnerable (Armataur Monk)     Turns: 76023, Time: 02:37:46

Health: 319/319    AC: 57    Str: 24    XL:     27
Magic:  35/35      EV: 15    Int:  9    God:
Gold:   3502       SH:  0    Dex: 21    Spells: 42/42 levels left

rFire   + + .      SeeInvis +    b - +8 great mace (heavy)
rCold   + . .      Faith    .    (shield currently unavailable)
rNeg    + . .      Spirit   .    s - +6 gold dragon scales
rPois   +          Reflect  .    q - +2 helmet
rElec   .          Harm     .    X - +2 cloak
rCorr   .          Roll     +    M - +2 pair of gloves
Will    ++...                    V - +2 barding Stlth
                                 k - amulet of the Ancients {rF+ rN+ Regen+ Str-2 Dex+2}
HPRegen 1.53/turn                K - +5 ring of evasion
MPRegen 0.24/turn                I - +4 ring of protection

@: studying Unarmed Combat
A: large, rugged brown scales 3, deformed body, armoured tail, roll, long
tongue, awkward tongue, hooves 1, see invisible, agile 1, deterioration 1, dopey
1, robust 1, wild magic 2
0: Orb of Zot
}: 3/15 runes: decaying, serpentine, silver
a: no special abilities


You escaped.
You visited 10 branches of the dungeon, and saw 50 of its levels.
You visited the Abyss 4 times.
You also visited: Sewer, Ice Cave and Wizlab.

You collected 8317 gold pieces.
You spent 4815 gold pieces at shops.

Inventory:

Hand Weapons
 a - a +9 great mace of draining
 b - a +8 heavy great mace (weapon)
Missiles
 O - 2 throwing nets (quivered)
 S - 16 curare-tipped darts
Armour
 q - a +2 helmet (worn)
 r - a scarf of resistance
 s - +6 gold dragon scales (worn)
 M - a +2 pair of gloves (worn)
 V - a +2 barding (worn)
 X - a +2 cloak (worn)
Jewellery
 e - a ring of see invisible
 k - the amulet of the Ancients (around neck) {rF+ rN+ Regen+ Str-2 Dex+2}
   (You took it off a deep elf death mage on level 3 of the Crypt)

   [amulet of regeneration]

   Str:       It affects your strength (-2).
   Dex:       It affects your dexterity (+2).
   rF:        It protects you from fire.
   rN:        It protects you from negative energy.
   Regen:     It increases your rate of health regeneration.
 t - the ring "Sycvaty" {Fly rC+}
   (You took it off a deep elf master archer on level 3 of the Elven Halls)

   [ring of flight]

   rC:        It protects you from cold.
   Fly:       It grants you flight.
 y - a ring of willpower
 H - the ring "Heaps" {rElec MP+9 Dex+2}
   (You found it on level 2 of the Crypt)

   [ring of magical power]

   Dex:       It affects your dexterity (+2).
   rElec:     It insulates you from electricity.
   MP:        It affects your magic capacity (+9).
 I - a +4 ring of protection (right hand)
 K - a +5 ring of evasion (left hand)
 Z - a ring of protection from fire
Wands
 j - a wand of mindburst (20)
 m - a wand of digging (19)
 G - a wand of polymorph (39)
 L - a wand of charming (38)
 N - a wand of flame (71)
 Q - a wand of light (4)
Scrolls
 g - 7 scrolls of fear
 n - 2 scrolls of blinking
 v - 9 scrolls of immolation
 w - 9 scrolls of fog
 z - 31 scrolls of identify
 A - 11 scrolls of poison
 E - 6 scrolls of teleportation
 R - 10 scrolls of magic mapping
 U - a scroll of butterflies
Potions
 c - 3 potions of ambrosia
 f - 5 potions of curing
 i - 4 potions of might
 o - 2 potions of invisibility
 x - a potion of resistance
 C - 2 potions of cancellation
 D - 3 potions of magic
 J - 5 potions of mutation
 P - 9 potions of attraction
 T - 10 potions of brilliance
 Y - 6 potions of flight
Miscellaneous
 d - a phantom mirror (inert)
 h - a condenser vane
 l - a phial of floods
 u - a tin of tremorstones (2/2)


   Skills:
 O Level 27 Fighting
 - Level 4.0 Short Blades
 - Level 4.0(13.2) Axes
 - Level 19.8(20.0) Maces & Flails
 - Level 6.3(6.9) Polearms
 - Level 4.0 Throwing
 O Level 27 Armour
 + Level 14.5 Dodging
 - Level 2.1 Stealth
 - Level 8.0 Spellcasting
 - Level 14.7 Evocations


You had 42 spell levels left.
You didn't know any spells.
Your spell library contained the following spells:

 Spells                   Type           Power      Damage    Failure   Level
 Apportation              Tloc           10%        N/A       90%         1
 Beastly Appendage        Tmut           10%        N/A       90%         1
 Foxfire                  Conj/Fire      20%        2x1d5     90%         1
 Freeze                   Ice            20%        1d4       90%         1
 Kiss of Death            Conj/Necr      20%        2d7       90%         1
 Magic Dart               Conj           20%        1d4       90%         1
 Necrotise                Necr           20%        1d5       90%         1
 Sting                    Tmut/Pois      20%        1d4       90%         1
 Summon Small Mammal      Summ           20%        N/A       90%         1
 Blink                    Tloc           10%        N/A       96%         2
 Cigotuvi's Dreadful Rot  Necr/Pois/Air  10%        N/A       96%         2
 Ensorcelled Hibernation  Hex/Ice        10%        N/A       96%         2
 Lesser Beckoning         Tloc           10%        N/A       96%         2
 Momentum Strike          Conj/Tloc      10%        3d8       96%         2
 Passwall                 Tmut/Erth      4%         N/A       96%         2
 Poisonous Vapours        Pois/Air       10%        N/A       96%         2
 Wereblood                Tmut           5%         N/A       96%         2
 Call Canine Familiar     Summ           5%         N/A       99%         3
 Confusing Touch          Hex            5%         N/A       99%         3
 Dazzling Flash           Conj/Hex       10%        N/A       99%         3
 Frozen Ramparts          Ice            10%        1d2       99%         3
 Gell's Gravitas          Tloc           5%         N/A       99%         3
 Hailstorm                Conj/Ice       5%         3d4       99%         3
 Inner Flame              Hex/Fire       5%         N/A       99%         3
 Mephitic Cloud           Conj/Pois/Air  5%         N/A       99%         3
 Portal Projectile        Hex/Tloc       10%        N/A       99%         3
 Spider Form              Tmut/Pois      5%         N/A       99%         3
 Summon Guardian Golem    Hex/Summ       5%         N/A       99%         3
 Swiftness                Air            5%         N/A       99%         3
 Teleport Other           Tloc           5%         N/A       99%         3
 Vampiric Draining        Necr           5%         2d6       99%         3
 Airstrike                Air            2%         2d(1-17)  100%        4
 Animate Armour           Summ/Erth      10%        N/A       100%        4
 Cause Fear               Hex            2%         N/A       100%        4
 Dispel Undead            Necr           5%         3d7       100%        4
 Flame Wave               Conj/Fire      5%         2d5       100%        4
 Ice Form                 Ice/Tmut       5%         N/A       100%        4
 Iskenderun's Mystic Bla  Conj/Tloc      5%         2d3       100%        4
 Leda's Liquefaction      Hex/Erth       2%         N/A       100%        4
 Olgreb's Toxic Radiance  Pois           5%         N/A       100%        4
 Passage of Golubria      Tloc           5%         N/A       100%        4
 Petrify                  Tmut/Erth      5%         N/A       100%        4
 Sticky Flame             Conj/Fire      5%         2d3       100%        4
 Summon Ice Beast         Ice/Summ       5%         N/A       100%        4
 Summon Lightning Spire   Summ/Air       5%         N/A       100%        4
 Agony                    Necr           5%         N/A       100%        5
 Blade Hands              Tmut           2%         N/A       100%        5
 Fireball                 Conj/Fire      2%         3d4       100%        5
 Freezing Cloud           Conj/Ice/Air   2%         6-21      100%        5
 Irradiate                Conj/Tmut      2%         3d12      100%        5
 Iskenderun's Battlesphe  Conj           5%         2d6       100%        5
 Lightning Bolt           Conj/Air       2%         1d14      100%        5
 Metabolic Englaciation   Hex/Ice        2%         N/A       100%        5
 Silence                  Hex/Air        2%         N/A       100%        5
 Summon Forest            Summ/Tloc      2%         N/A       100%        5
 Summon Mana Viper        Hex/Summ       5%         N/A       100%        5
 Conjure Ball Lightning   Conj/Air       2%         3x3d6     100%        6
 Death Channel            Necr           2%         N/A       100%        6
 Dispersal                Tloc           2%         N/A       100%        6
 Eringya's Noxious Bog    Tmut/Pois      2%         N/A       100%        6
 Iron Shot                Conj/Erth      2%         9d2       100%        6
 Starburst                Conj/Fire      2%         6d3       100%        6
 Statue Form              Tmut/Erth      3%         N/A       100%        6
 Summon Cactus Giant      Summ           2%         N/A       100%        6
 Dragon Form              Tmut           2%         N/A       100%        7
 Malign Gateway           Summ/Tloc      2%         N/A       100%        7
 Orb of Destruction       Conj           2%         9d5       100%        7
 Spellforged Servitor     Conj/Summ      2%         N/A       100%        7
 Summon Hydra             Summ           2%         N/A       100%        7
 Borgnjor's Revivificati  Necr           2%         N/A       100%        8
 Discord                  Hex            2%         N/A       100%        8
 Disjunction              Tloc           2%         N/A       100%        8
 Lehudib's Crystal Spear  Conj/Erth      2%         10d2      100%        8
 Maxwell's Capacitive Co  Air            2%         ∞         100%        8
 Necromutation            Tmut/Necr      2%         N/A       100%        8
 Summon Horrible Things   Summ           2%         N/A       100%        8
 Death's Door             Necr           2%         N/A       100%        9
 Dragon's Call            Summ           2%         N/A       100%        9


Dungeon Overview and Level Annotations

Branches:
Dungeon (15/15)            Temple (0/1) D:7            Lair (5/5) D:10
  Swamp (4/4) Lair:3        Snake (4/4) Lair:2        Slime (0/5) Lair:5
    Orc (2/2) D:10            Elf (3/3) Orc:2        Vaults (5/5) D:13
  Crypt (3/3) Vaults:2       Tomb (0/3) Crypt:3      Depths (4/4) D:15
    Zot (5/5) Depths:4      Sewer (visited)           IceCv (visited)
 WizLab (visited)

Altars:
Ashenzari
Cheibriados
Dithmenos
Hepliaklqana
Qazlal
Ru
Sif Muna
Trog
Vehumet
Xom
Yredelemnul
The Shining One
Jiyva
Lugonu

Shops:
D:4 [   D:11 :   Orc:1 (   Orc:2 *(:?   Snake:1 (   Snake:3 [   Snake:4 [*[:(
Depths:4 ::=

Portals:
Hell: Depths:1 Depths:2 Depths:3 Depths:4
Abyss: Depths:2 Depths:3
Pandemonium: Depths:2
Ziggurat: Depths:1
Trove: D:10 (show abyssal rune of Zot)

Annotations:
Elf:2 exclusion: 3 doors
Vaults:3 2 transporters, exclusion: orange crystal statue
Zot:1 1 transporter


Innate Abilities, Weirdness & Mutations

You are completely covered in rugged brown scales. (AC +3, +7% HP)
Armour fits poorly on your strangely shaped body.
You have a long armoured tail.
You roll when moving toward enemies. (Rampage)
Your long tongue fully drains potion bottles. (2x potion effects)
Your tongue gives you trouble enunciating. (1.5x scroll delay)
You have large cloven feet.
You have supernaturally acute eyesight. (SInv)
You are agile. (Dex +4, Str/Int -1)
Your body sometimes deteriorates upon taking damage.
You are dopey. (Int -2)
You are robust. (+10% HP)
Your spells are harder to cast, but more powerful.


Message History

Ugemumu punches your butterfly!!
Your butterfly dies!
Your butterfly disappears in a burst of colours!
Ugemumu punches your butterfly!!
Your butterfly dies!
Your butterfly disappears in a burst of colours!
Ugemumu punches your butterfly!
Your butterfly dies!
Your butterfly disappears in a burst of colours!
Ugemumu punches your butterfly!!
Your butterfly dies!
Your butterfly disappears in a burst of colours!
There is a stone staircase leading up here.
You climb upwards.
There is a stone staircase leading down here.
(D) Dungeon (T) Temple (L) Lair (S) Swamp (P) Snake Pit (M) Slime Pits (O) Orcish Mines (E) Elven Halls (V) Vaults (C) Crypt (W) Tomb (U) Depths (H) Hell (Z) Zot
Where to? (Enter - D:1, ? - help)
A golden eye comes into view.
The golden eye turns its gaze towards you.
The golden eye blinks!
There is a stone staircase leading up here.
You climb upwards.
There is a stone staircase leading down here.
(D) Dungeon (T) Temple (L) Lair (S) Swamp (P) Snake Pit (M) Slime Pits (O) Orcish Mines (E) Elven Halls (V) Vaults (C) Crypt (W) Tomb (U) Depths (H) Hell (Z) Zot
Where to? (Enter - D:1, ? - help)
There is a stone staircase leading up here.
You climb upwards.
There is a stone staircase leading down here.
There is a stone staircase leading up here.
You climb upwards.
There is a stone staircase leading down here.
There is an open door here.
There is a staircase leading out of the dungeon here.
You have escaped!

.#...#..#'#..#####.#####.....##
.########.########.####.......###
........................#####....
####.###########.######.# #.###
#.#....# ###'### #.# #.# #.#..8.#
##.....## #.# #.# #.'....#
#.......# #.#####.# ###..8.#
#..###..# #.......# #....#
##..@..## ####.#### ######
#############.######
#######............
#.....#.##.#...###.
#.....#.#.#....# #. ###
#........###...###. #####.##
#.....#.## ##...... .......###
#.....#..###....... ##.......#
###.###.#.#.......#


There were no monsters in sight!

Vanquished Creatures
  2 dread liches
  2 orbs of fire (Zot:5)
  7 ancient liches
  Mennas (Vaults:3)
  Sojobo (Vaults:4)
  Josephina (Depths:3)
  5 Killer Klowns (Zot:5)
  Parghit (Depths:3)
  A curse toe (Crypt:3)
  3 golden dragons
  4 caustic shrikes (Depths:3)
  Nikola (Vaults:1)
  Jory (Crypt:2)
  the Enchantress (Depths:1)
  2 bone dragons (Abyss:3)
  2 electric golems (Zot:5)
  9 tentacled monstrosities
  Rupert (Lair:4)
  2 deep elf blademasters (Elf:3)
  10 liches
  8 titans
  Asterion (Depths:2)
  A pandemonium lord (Zot:4)
  Zenata (Elf:2)
  3 walking earthen tomes (Depths:3)
  22 Orb Guardians (Zot:5)
  A walking frostbound tome (Depths:3)
  10 tentacled starspawn (Abyss:3)
  2 deep elf master archers (Elf:3)
  12 sphinxes
  7 ancient champions
  2 quicksilver dragons
  An Executioner (Abyss:3)
  A death cob (Zot:5)
  8 storm dragons
  The ghost of Kacaoki the Warrior, an adept MiBe of Trog (Swamp:2)
  9 shadow dragons
  A thorn hunter (Swamp:4)
  14 tengu reavers
  10 nagarajas
  5 revenants
  Aizul (Snake:1)
  18 frost giants
  19 fire giants
  21 vault wardens
  Donald (Vaults:1)
  6 deep elf sorcerers
  4 iron dragons
  A deep elf elementalist (Elf:3)
  A draconian shifter (Zot:5)
  2 draconian knights
  Louise (D:14)
  A caustic shrike zombie (Abyss:3)
  2 curse skulls (Crypt:3)
  2 ghost moths
  2 draconian annihilators
  2 orc warlords (Vaults:4)
  A balrug (Depths:3)
  5 ghouls
  7 spriggan defenders
  A draconian stormcaller (Zot:5)
  An ophan (Abyss:3)
  A caustic shrike skeleton (Crypt:1)
  19 stone giants
  15 ironbound preservers
  9 vampire knights
  5 eleionomae
  3 war gargoyles (Vaults:5)
  The ghost of Beavis the Covert, a journeyman NaFE of Vehumet (Lair:2)
  6 ironbound thunderhulks
  13 very ugly things
  3 black draconians
  2 lorocyprocas (Abyss:3)
  18 purple draconians
  2 yellow draconians
  9 spark wasps
  12 deep elf demonologists
  A green draconian (Zot:5)
  Azrael (D:13)
  9 deep elf annihilators
  4 bunyips
  7 red draconians
  4 white draconians
  2 eidola
  4 dire elephants
  9 statues (WizLab)
  2 crystal guardians
  13 deep elf death magi
  A green death (Zot:4)
  14 ettins
  4 entropy weavers
  6 fire dragons
  16 jiangshi
  Fannar (D:10)
  2 great orbs of eyes
  2 spriggan zombies (Crypt:1)
  32 vault guards
  A merfolk impaler (Depths:3)
  11 ice dragons
  13 yaktaur captains
  A juggernaut simulacrum (Depths:4)
  3 peacekeepers
  2 shambling mangroves
  3 deep elf high priests
  4 rakshasas
  A salamander tyrant (Snake:4)
  6 spriggan air magi
  5 ghost crabs
  A merfolk avatar (Abyss:3)
  2 ogre magi
  19 hydras
  21 centaur warriors
  4 boulder beetles
  2 catoblepae
  3 ironbound frosthearts
  22 dancing weapons
  7 two-headed ogres
  2 alligators
  3 death knights
  7 anacondas
  2 fenstrider witch skeletons (Crypt:3)
  18 naga warriors
  7 tengu warriors
  11 hell hogs
  12 deep troll earth magi
  16 deep troll shamans
  A titan zombie (Crypt:1)
  9 vampire magi
  16 death yaks
  2 shock serpents (Snake:4)
  2 orc high priests
  3 thrashing horrors (Abyss:3)
  4 sun demons
  9 spriggan berserkers
  11 naga sharpshooters
  A shock serpent (shapeshifter) (Depths:3)
  8 deep elf knights
  13 soul eaters
  13 hell knights
  14 iron trolls
  A spatial maelstrom (Abyss:3)
  2 sixfirhies
  A golden dragon zombie (Crypt:3)
  A shadow wraith (Crypt:3)
  A spark wasp zombie (Crypt:2)
  2 spriggan druids
  7 wretched stars (Abyss:3)
  4 salamander mystics
  12 skeletal warriors
  A death drake (shapeshifter) (Vaults:4)
  50 deep trolls
  A skyshark (Lair:3)
  3 sea snakes (Snake:1)
  4 goliath frogs
  A spectral hydra (Lair:3)
  9 glowing orange brains
  2 bog bodies
  12 swamp dragons
  A glowing orange brain (shapeshifter) (Vaults:3)
  13 deep elf archers
  3 flayed ghosts
  9 phantasmal warriors
  6 naga ritualists
  10 lindwurms
  5 necromancers
  24 deep elf zephyrmancers
  5 orc knights
  An anaconda skeleton (Crypt:1)
  24 ironbound convokers
  A spriggan simulacrum (Crypt:1)
  14 wizards
  34 deep elf pyromancers
  An iron dragon zombie (Abyss:3)
  28 ugly things
  13 mana vipers
  A broodmother zombie (Crypt:1)
  5 harpies (Vaults:2)
  A shining eye (Snake:3)
  6 orc sorcerers
  6 cyclopes
  A manticore (shapeshifter) (Depths:3)
  A worldbinder (Abyss:3)
  3 will-o-the-wisps
  A shining eye (shapeshifter) (Vaults:4)
  A manticore (D:14)
  5 moths of wrath
  14 elephants
  A dire elephant zombie (Crypt:1)
  2 centaur zombies
  An apocalypse crab (Abyss:3)
  2 ice statues
  4 rust devils
  Maurice (D:9)
  14 salamanders
  An elephant (shapeshifter) (Vaults:4)
  50 black mambas
  12 guardian serpents
  3 orange demons (D:13)
  18 smoke demons
  A centaur skeleton (Abyss:3)
  6 gargoyles
  11 naga magi
  A naga skeleton (Abyss:3)
  28 vault sentinels
  2 eyes of devastation (shapeshifter)
  10 large abominations (Abyss:3)
  An alligator snapping turtle zombie (Abyss:3)
  10 rime drakes
  10 cane toads
  5 unseen horrors
  A hellion (Abyss:3)
  Maggie (D:10)
  7 komodo dragons
  14 tengu conjurers
  3 alligator snapping turtle skeletons
  An ice devil (D:13)
  28 yaktaurs
  3 efreet
  A komodo dragon (shapeshifter) (Depths:3)
  7 freezing wraiths
  A troll (shapeshifter) (Depths:3)
  A catoblepas skeleton (Crypt:2)
  A harpy zombie (Crypt:2)
  3 red devils (D:13)
  2 tormentors
  6 trolls
  9 tyrant leeches
  5 guardian mummies (Crypt:3)
  2 hellwings (Abyss:3)
  16 starcursed masses (Abyss:3)
  4 ancient zymes (Abyss:3)
  A queen bee (shapeshifter) (Depths:3)
  A tengu simulacrum (Depths:4)
  A hydra zombie (Crypt:1)
  12 polar bears
  39 raiju
  9 hornets
  16 blink frogs
  3 harpy skeletons
  An ettin zombie (Crypt:2)
  2 flying skulls
  A spectral black mamba (Lair:3)
  A jumping spider (Vaults:2)
  An air elemental (Elf:3)
  A fire dragon skeleton (Crypt:1)
  3 ynoxinuls (Abyss:3)
  Sigmund (D:2)
  A jumping spider (shapeshifter) (D:15)
  2 centaur simulacra (D:15)
  15 spriggans
  A yak (shapeshifter) (Depths:1)
  A dire elephant simulacrum (Abyss:3)
  A vampire (Abyss:3)
  A culicivora (Vaults:3)
  4 wyverns
  31 slime creatures
  10 water elementals
  37 yaks
  6 fire elementals
  2 steam dragons
  11 wraiths
  A human (D:7)
  A human (shapeshifter) (Abyss:3)
  2 fire bats
  A golden eye (shapeshifter) (D:13)
  5 basilisks
  3 redbacks (Vaults:3)
  3 chaos spawn
  5 neqoxecs (Abyss:3)
  A steam dragon (shapeshifter) (Vaults:5)
  12 vampire mosquitoes
  2 spectral cane toads (Lair:3)
  2 acid dragons
  A demonspawn zombie (Crypt:1)
  3 wargs
  40 nagas
  A harpy simulacrum (Crypt:2)
  10 swamp worms
  2 swamp worms (shapeshifter)
  11 water moccasins
  Duvessa (D:4)
  9 hell hounds
  22 ice beasts
  A floating eye (shapeshifter) (D:14)
  12 black bears
  7 swamp drakes
  19 orc warriors
  A black bear (shapeshifter) (D:15)
  A hornet zombie (D:15)
  11 small abominations (Abyss:3)
  27 wolves
  7 ogres
  16 centaurs
  A swamp dragon skeleton (Crypt:3)
  A phantom (D:6)
  3 kobold brigands (Sewer)
  7 bullfrogs
  2 necrophages
  4 gnoll sergeants
  A wyvern zombie (Crypt:1)
  6 earth elementals
  4 scorpions
  A naga simulacrum (Crypt:1)
  2 wyvern skeletons (Crypt:3)
  A troll zombie (Crypt:2)
  A cyclops skeleton (Crypt:3)
  Dowan (D:4)
  4 killer bees (D:9)
  2 howler monkeys (D:7)
  7 electric eels
  A crimson imp (Abyss:3)
  A wolf skeleton (Crypt:3)
  A black bear zombie (Crypt:2)
  2 hounds
  A quasit (Abyss:3)
  2 gnoll boudas
  A black bear skeleton (Crypt:1)
  An iron imp (Depths:1)
  A jelly (D:6)
  23 orc priests
  Jessica (D:2)
  Ijyb (D:5)
  A boggart zombie (D:15)
  4 hell rats (Lair:3)
  A human skeleton (D:7)
  2 iguanas
  48 orc wizards
  7 mummies (Crypt:3)
  25 gnolls
  A howler monkey skeleton (Crypt:2)
  11 adders
  5 river rats
  A steam dragon skeleton (Crypt:3)
  2 shadow imps
  6 white imps
  An ufetubus (Abyss:3)
  An iguana skeleton (Crypt:1)
  9 worms
  3 dart slugs
  72 orcs
  5 bats
  8 endoplasms
  4 giant cockroaches
  15 goblins
  5 hobgoblins
  4 jackals
  9 quokkas
  A river rat zombie (Crypt:1)
  6 ball pythons
  An endoplasm zombie (Crypt:3)
  5 frilled lizards
  A hobgoblin skeleton (Crypt:2)
  A hobgoblin zombie (Crypt:2)
  10 kobolds
  A kobold zombie (D:7)
  11 rats
  A rat zombie (Crypt:2)
  A fire vortex (Orc:1)
  12 starspawn tentacles (Abyss:3)
2345 creatures vanquished.

Vanquished Creatures (collateral kills)
  The ghost of elongatedgoose the Spry, a journeyman MfGl of Dithmenos (Lair:5)
  A bullfrog (Lair:4)
  3 gnolls (D:9)
5 creatures vanquished.

Vanquished Creatures (others)
  A lich (Depths:3)
  A storm dragon (Zot:3)
  An alligator (Swamp:2)
  A deep elf zephyrmancer (Elf:2)
  A wolf spider (Vaults:5)
  A cane toad (Lair:4)
  A komodo dragon (Lair:4)
  3 bloated husks (Swamp:2)
  2 tengu simulacra (Depths:4)
  A yak (Lair:1)
  2 swamp worms
  2 vampire mosquitoes (Swamp:2)
  A swamp drake (Swamp:4)
  2 small abominations (Abyss:3)
  A glowing shapeshifter simulacrum (Depths:4)
  An orc wizard (D:10)
  A bush (Abyss:3)
  A demonic plant (D:13)
  8 foxfires
  44 fungi
  2 lurking horrors (Abyss:3)
  101 plants
  30 starspawn tentacles (Abyss:3)
209 creatures vanquished.

Grand Total: 2559 creatures vanquished

Notes
Turn   | Place    | Note
-------+----------+-------------------------------------------
     0 | D:1      | SnakkuSnakku7 the Armataur Monk began the quest for the
                  | Orb.
     0 | D:1      | Reached XP level 1. HP: 19/19 MP: 1/1
    99 | D:1      | Found a faded altar of an unknown god.
   237 | D:1      | Reached XP level 2. HP: 26/26 MP: 2/2
   931 | D:2      | Noticed Jessica
   936 | D:2      | Killed Jessica
   937 | D:2      | Reached XP level 3. HP: 31/32 MP: 3/3
  1053 | D:2      | Noticed Sigmund
  1390 | D:2      | Reached XP level 4. HP: 39/39 MP: 4/4
  1859 | D:2      | Reached skill level 1 in Throwing
  1983 | D:2      | Killed Sigmund
  1984 | D:2      | Reached XP level 5. HP: 28/44 MP: 5/5
  2164 | D:3      | Found a broken altar of Ashenzari.
  2856 | D:4      | Reached skill level 1 in Short Blades
  2856 | D:4      | Reached XP level 6. HP: 31/53 MP: 6/6
  2887 | D:4      | Found Sirirphei's Antique Armour Shop.
  2895 | D:4      | Bought a glowing leather armour for 100 gold pieces
  2924 | D:4      | Found a glowing drain.
  2951 | Sewer    | Entered a sewer
  3243 | Sewer    | Reached XP level 7. HP: 50/59 MP: 7/7
  3878 | D:4      | Noticed Duvessa
  3901 | D:4      | Killed Duvessa
  3918 | D:4      | Noticed Dowan
  3945 | D:4      | Killed Dowan
  4355 | D:5      | Entered Level 5 of the Dungeon
  4432 | D:5      | Reached skill level 5 in Fighting
  4558 | D:5      | Reached XP level 8. HP: 60/73 MP: 8/8
  4594 | D:5      | Noticed Ijyb
  4612 | D:5      | Killed Ijyb
  4628 | D:5      | Found a hazy altar of Hepliaklqana.
  5021 | D:5      | Found a shadowy altar of Dithmenos.
  5166 | D:5      | Found a sacrificial altar of Ru.
  5416 | D:6      | Found a shimmering blue altar of Sif Muna.
  5463 | D:6      | Reached skill level 1 in Armour
  5700 | D:5      | Reached XP level 9. HP: 64/86 MP: 9/9
  5825 | D:6      | Found a snail-covered altar of Cheibriados.
  5893 | D:6      | Reached skill level 5 in Armour
  5971 | D:6      | Found a bloodstained altar of Trog.
  6287 | D:7      | Found a runed translucent door.
  6557 | D:7      | Found a basalt altar of Yredelemnul.
  6789 | D:7      | Found a staircase to the Ecumenical Temple.
  7683 | D:8      | Found a glowing golden altar of the Shining One.
  8056 | D:9      | Reached skill level 10 in Armour
  8060 | D:9      | Reached skill level 1 in Evocations
  8209 | D:9      | Noticed Maurice
  8221 | D:9      | Killed Maurice
  8257 | D:9      | Noticed a two-headed ogre
  8303 | D:9      | Killed a two-headed ogre
  8304 | D:9      | Reached XP level 10. HP: 86/94 MP: 10/10
  8310 | D:9      | Reached skill level 5 in Evocations
  9194 | D:9      | Reached skill level 1 in Polearms
  9878 | D:10     | Entered Level 10 of the Dungeon
 10134 | D:10     | Found a portal to a secret trove of treasure.
 10185 | D:10     | Found a stormy altar of Qazlal.
 10199 | D:10     | Found a staircase to the Lair.
 10206 | D:10     | Found a staircase to the Orcish Mines.
 10273 | D:10     | Noticed Fannar
 10276 | D:10     | Noticed a gargoyle
 10304 | D:10     | Killed Fannar
 10305 | D:10     | Reached skill level 5 in Polearms
 10314 | D:10     | Killed a gargoyle
 10661 | D:10     | Found a runed translucent door.
 10688 | D:10     | Noticed Maggie
 10767 | D:10     | Reached XP level 11. HP: 100/100 MP: 11/11
 10924 | D:10     | Killed Maggie
 10925 | D:10     | Reached skill level 1 in Maces & Flails
 11041 | Lair:1   | Entered Level 1 of the Lair of Beasts
 11399 | Lair:1   | Reached skill level 5 in Maces & Flails
 12843 | Lair:2   | Found a staircase to the Snake Pit.
 13068 | Lair:2   | Noticed a five-headed hydra
 13112 | Lair:2   | Found a transporter.
 13118 | Lair:2   | Noticed Beavis's ghost (journeyman NaFE)
 13175 | Lair:2   | Killed a five-headed hydra
 13725 | Lair:2   | Found a transporter.
 13755 | Lair:2   | Reached XP level 12. HP: 76/108 MP: 12/12
 14376 | Lair:2   | Noticed a seven-headed hydra
 14386 | Lair:2   | Killed a seven-headed hydra
 14526 | Lair:3   | Noticed a catoblepas
 14531 | Lair:3   | Reached skill level 10 in Maces & Flails
 14619 | Lair:3   | Noticed a six-headed hydra
 14900 | Lair:3   | Noticed a boulder beetle
 14914 | Lair:3   | Killed a boulder beetle
 15130 | Lair:3   | Killed a six-headed hydra
 15670 | Lair:3   | Killed a catoblepas
 16120 | Lair:3   | Found a staircase to the Swamp.
 16120 | Lair:3   | Noticed a ghost crab
 16148 | Lair:3   | Killed a ghost crab
 16517 | Lair:4   | Reached XP level 13. HP: 107/113 MP: 13/13
 17094 | Lair:4   | Noticed Rupert
 17108 | Lair:4   | Killed Rupert
 17540 | Lair:5   | Entered Level 5 of the Lair of Beasts
 17540 | Lair:5   | Found a viscous altar of Jiyva.
 17541 | Lair:5   | Found a staircase to the Slime Pits.
 17610 | Lair:5   | Found a frozen archway.
 17713 | IceCv    | Entered an ice cave
 18133 | IceCv    | Reached skill level 15 in Maces & Flails
 18547 | IceCv    | Noticed a frost giant
 18642 | IceCv    | Killed a frost giant
 19112 | Lair:5   | Found a runed translucent gate.
 19112 | Lair:5   | Found a runed translucent gate.
 19113 | Lair:5   | Found a runed translucent gate.
 19116 | Lair:5   | Noticed elongatedgoose's ghost (journeyman MfGl)
 19267 | Lair:5   | Reached XP level 14. HP: 54/123 MP: 11/14
 19533 | Lair:5   | Reached skill level 5 in Dodging
 20862 | D:11     | Found Gaim's Book Shoppe.
 21228 | Orc:1    | Entered Level 1 of the Orcish Mines
 21228 | Orc:1    | Found Leumud's Weapon Emporium.
 21729 | Orc:2    | Entered Level 2 of the Orcish Mines
 21831 | Orc:2    | Found a staircase to the Elven Halls.
 21874 | Orc:2    | Reached skill level 1 in Spellcasting
 22803 | Orc:2    | Found Ripekaf's Antique Weapon Emporium.
 22803 | Orc:2    | Found Tuhuqi's Assorted Antiques.
 22803 | Orc:2    | Found Xycen's Book Shoppe.
 22813 | Orc:2    | Found Lesotwo's Magic Scroll Shoppe.
 22823 | Orc:2    | Bought a scroll of teleportation for 39 gold pieces
 22823 | Orc:2    | Bought a scroll of fog for 52 gold pieces
 22823 | Orc:2    | Bought a scroll of fear for 52 gold pieces
 22826 | Orc:2    | Bought a shiny plate armour for 754 gold pieces
 23223 | D:12     | Found a shimmering altar of Xom.
 23224 | D:12     | Found a shimmering altar of Xom.
 23225 | D:12     | Found a shimmering altar of Xom.
 23226 | D:12     | Found a shimmering altar of Xom.
 23227 | D:12     | Found a shimmering altar of Xom.
 23228 | D:12     | Found a shimmering altar of Xom.
 23327 | D:12     | Reached skill level 5 in Spellcasting
 24476 | D:13     | Reached XP level 15. HP: 85/129 MP: 19/24
 25368 | D:13     | Found a gate to the Vaults.
 25733 | D:13     | Noticed Azrael
 25743 | D:13     | Killed Azrael
 26050 | D:13     | Identified the ring "Duyrab" {rC+ Dex+6}
 26314 | D:14     | Noticed Louise
 26993 | D:14     | Killed Louise
 27329 | D:15     | Entered Level 15 of the Dungeon
 27736 | D:15     | Identified the +5 glaive "Dovasm" {venom, rElec Will- Dex+8
                  | Stlth-}
 28048 | D:15     | Found a staircase to the Depths.
 28542 | D:10     | Noticed a frost giant
 28550 | D:10     | Killed a frost giant
 28598 | D:10     | Identified the +6 falchion "Utyl" {heavy, rPois Int+3
                  | Dex+2}
 28897 | Lair:2   | Killed Beavis's ghost
 29416 | Lair:5   | Killed elongatedgoose's ghost
 29691 | Snake:1  | Entered Level 1 of the Snake Pit
 30169 | Snake:1  | Reached XP level 16. HP: 127/129 MP: 28/28
 30671 | Snake:1  | Found Wylee's Antique Weapon Boutique.
 31012 | Snake:1  | Found a radiant altar of Vehumet.
 31141 | Snake:1  | Noticed Aizul
 32029 | Snake:2  | Identified the +0 chain mail of True Grit {rElec rPois
                  | rCorr}
 32440 | Snake:3  | Found Utem Umi's Armour Boutique.
 32561 | Snake:3  | Gained mutation: Your body sometimes deteriorates upon
                  | taking damage. [a shining eye]
 32562 | Snake:3  | Gained mutation: You occasionally shout uncontrollably at
                  | your foes. [a shining eye]
 32565 | Snake:3  | Gained mutation: You are clumsy. (Dex -2) [a shining eye]
 32568 | Snake:3  | Lost mutation: You are clumsy. (Dex -2) [potion of
                  | mutation]
 32568 | Snake:3  | Lost mutation: Your body sometimes deteriorates upon taking
                  | damage. [potion of mutation]
 32568 | Snake:3  | Lost mutation: You occasionally shout uncontrollably at
                  | your foes. [potion of mutation]
 32568 | Snake:3  | Gained mutation: You are clumsy. (Dex -2) [potion of
                  | mutation]
 32568 | Snake:3  | Gained mutation: You are frail. (-10% HP) [potion of
                  | mutation]
 32568 | Snake:3  | Lost mutation: You are frail. (-10% HP) [potion of
                  | mutation]
 32568 | Snake:3  | Gained mutation: You occasionally shout uncontrollably at
                  | your foes. [potion of mutation]
 32568 | Snake:3  | Gained mutation: Your skin changes colour to match your
                  | surroundings (Stealth+). [potion of mutation]
 32568 | Snake:3  | Gained mutation: You are somewhat resistant to further
                  | mutation. [potion of mutation]
 32568 | Snake:3  | Gained mutation: You are partially covered in iridescent
                  | scales. (AC +2) [potion of mutation]
 32991 | Snake:3  | Identified the +0 quarterstaff of the Vine {flame, Int+4}
 33523 | Snake:4  | Entered Level 4 of the Snake Pit
 33523 | Snake:4  | Found Peesch's Assorted Antiques.
 33562 | Snake:4  | Found Ozxano's Armour Shop.
 33660 | Snake:4  | Found Hocoryh's Armour Emporium.
 33895 | Snake:4  | Reached skill level 10 in Fighting
 33895 | Snake:4  | Reached XP level 17. HP: 150/150 MP: 29/29
 33895 | Snake:4  | Reached XP level 18. HP: 159/159 MP: 30/30
 35012 | Snake:4  | Found Bilooleys's Book Boutique.
 35046 | Snake:4  | Reached XP level 19. HP: 142/165 MP: 26/31
 35083 | Snake:4  | Found Kosu's Weapon Emporium.
 35757 | Snake:4  | Reached skill level 15 in Armour
 36893 | Snake:4  | Got a serpentine rune of Zot
 37455 | Snake:1  | Killed Aizul
 37688 | Swamp:1  | Entered Level 1 of the Swamp
 38702 | Swamp:2  | Noticed Kacaoki's ghost (adept MiBe)
 38719 | Swamp:2  | Found a runed translucent door.
 39520 | Swamp:4  | Entered Level 4 of the Swamp
 40198 | Swamp:4  | Got a decaying rune of Zot
 40749 | Vaults:1 | Entered Level 1 of the Vaults
 40755 | Vaults:1 | Noticed Nikola
 40775 | Vaults:1 | Killed Nikola
 41033 | Vaults:1 | Reached XP level 20. HP: 68/176 MP: 19/32
 41989 | Vaults:1 | Noticed Donald
 41996 | Vaults:1 | Killed Donald
 42567 | Vaults:2 | Found a staircase to the Crypt.
 43989 | Vaults:2 | Reached skill level 15 in Fighting
 44719 | Vaults:3 | Noticed Mennas
 44898 | Vaults:3 | Killed Mennas
 44953 | Vaults:3 | Found a magical portal.
 45026 | WizLab   | Entered Iskenderun's Mystic Tower
 46002 | WizLab   | Reached XP level 21. HP: 200/200 MP: 33/33
 46216 | WizLab   | Got Iskenderun's Codex of Confrontation
 46216 | WizLab   | Got Iskenderun's Commentary on Striking
 46227 | WizLab   | Got Starting Wizardry
 47029 | Vaults:3 | Found a transporter.
 47032 | Vaults:3 | Noticed a golden dragon
 47043 | Vaults:3 | Found a transporter.
 47081 | Vaults:3 | Paralysed by a great orb of eyes for 2 turns
 47093 | Vaults:3 | Paralysed by a great orb of eyes for 5 turns
 47102 | Vaults:3 | Reached skill level 10 in Evocations
 48136 | Vaults:4 | Noticed Sojobo
 48653 | Vaults:4 | Paralysed by an air elemental for 1 turns
 48657 | Vaults:4 | Paralysed by an air elemental for 1 turns
 48910 | Abyss:3  | Cast into level 3 of the Abyss (a wizard)
 49189 | Abyss:3  | Found a corrupted altar of Lugonu.
 49216 | Abyss:3  | HP: 8/200 [constriction (7)]
 49222 | Abyss:3  | HP: 4/200 [starcursed mass/accursed screaming (5)]
 49267 | Vaults:4 | Escaped the Abyss
 49721 | Vaults:4 | Paralysed by an air elemental for 1 turns
 49726 | Vaults:4 | Paralysed by an air elemental for 1 turns
 49744 | Vaults:4 | Paralysed by an air elemental for 1 turns
 49783 | Vaults:4 | Killed Sojobo
 50375 | Vaults:5 | Entered Level 5 of the Vaults
 51021 | Vaults:4 | Reached XP level 22. HP: 28/211 MP: 5/34
 51022 | Vaults:4 | HP: 9/211 [vault guard/+0 great sword (11)]
 51665 | Elf:1    | Entered Level 1 of the Elven Halls
 51665 | Elf:1    | Found the +3 pair of seven-league boots {Rampage+∞}
 51700 | Elf:1    | Identified the ring "Noniac" {Ice rElec rPois Stlth+}
 52124 | Elf:1    | Found a radiant altar of Vehumet.
 52732 | Elf:2    | Noticed Zenata
 53091 | Elf:2    | HP: 10/216 [deep elf zephyrmancer/bolt of lightning (28)]
 53810 | Elf:2    | Found a runed translucent gate.
 53811 | Elf:2    | Found a runed translucent gate.
 53811 | Elf:2    | Found a runed translucent gate.
 53971 | Elf:2    | Killed Zenata
 54487 | Elf:3    | Entered Level 3 of the Elven Halls
 55181 | Elf:3    | Identified the +1 broad axe "Koffazis" {freeze, MP-9 Dex+4
                  | Stlth+}
 55182 | Elf:3    | Identified the +7 shortbow of Conservatism {antimagic, rC+}
 55300 | Abyss:3  | Cast into level 3 of the Abyss (a deep elf sorcerer)
 55425 | Elf:3    | Escaped the Abyss
 55771 | Elf:3    | Identified the +1 plate armour of Ethereal Amelioration
                  | {rC+ Str+3 Int+3}
 55771 | Elf:3    | Identified the ring "Sycvaty" {Fly rC+}
 56127 | Elf:3    | Found the +0 pair of fencer's gloves {Riposte Dex+3}
 56153 | Elf:3    | Got Sif Muna's Thoughts on Reshaped Snow
 56154 | Elf:3    | Identified the +1 ring mail of the Scribe {Int+2}
 56209 | Elf:3    | Got the Tome of the Land of Plenty
 56218 | Elf:3    | Got the Notes on Snow-white Aeromancy
 56533 | Depths:1 | Entered Level 1 of the Depths
 56533 | Depths:1 | Found a one-way gateway to a ziggurat.
 56918 | Depths:1 | Noticed the Enchantress
 56928 | Depths:1 | Killed the Enchantress
 56929 | Abyss:3  | Found a corrupted altar of Lugonu.
 56929 | Abyss:3  | Cast into level 3 of the Abyss (a wizard)
 56933 | Abyss:3  | Found a corrupted altar of Lugonu.
 57050 | Abyss:3  | Reached XP level 23. HP: 165/230 MP: 35/35
 57340 | Abyss:3  | Found a corrupted altar of Lugonu.
 57938 | Depths:1 | Escaped the Abyss
 58577 | Depths:1 | Found a gateway to Hell.
 59746 | Depths:2 | Found a one-way gate leading to the halls of Pandemonium.
 60171 | Depths:2 | Noticed Asterion
 60183 | Depths:2 | Killed Asterion
 60225 | Depths:2 | Reached XP level 24. HP: 239/239 MP: 35/35
 60343 | Depths:2 | Identified the +6 spear of the Revolution {vamp, Int+6}
 60370 | Depths:2 | Found a one-way gate to the infinite horrors of the Abyss.
 60376 | Abyss:3  | Cast into level 3 of the Abyss (a deep elf demonologist)
 60393 | Abyss:3  | Found a corrupted altar of Lugonu.
 60405 | Abyss:3  | Found a corrupted altar of Lugonu.
 60405 | Abyss:3  | Found a corrupted altar of Lugonu.
 60407 | Abyss:3  | Found a corrupted altar of Lugonu.
 60423 | Abyss:3  | Noticed an ancient lich
 60433 | Abyss:3  | Killed an ancient lich
 60525 | Abyss:3  | Found a corrupted altar of Lugonu.
 60710 | Abyss:3  | Gained mutation: You are frail. (-10% HP) [a neqoxec]
 60885 | Depths:2 | Escaped the Abyss
 60980 | Depths:2 | Lost mutation: You are somewhat resistant to further
                  | mutation. [potion of mutation]
 60980 | Depths:2 | Lost mutation: You are frail. (-10% HP) [potion of
                  | mutation]
 60980 | Depths:2 | Lost mutation: Your skin changes colour to match your
                  | surroundings (Stealth+). [potion of mutation]
 60980 | Depths:2 | Lost mutation: You occasionally shout uncontrollably at
                  | your foes. [potion of mutation]
 60980 | Depths:2 | Gained mutation: You are mostly covered in iridescent
                  | scales. (AC +4) [potion of mutation]
 60980 | Depths:2 | Gained mutation: You have large cloven feet. [potion of
                  | mutation]
 60980 | Depths:2 | Gained mutation: Your mind is acute. (Int +4, Str/Dex -1)
                  | [potion of mutation]
 60980 | Depths:2 | Gained mutation: You have a pair of small horns on your
                  | head. [potion of mutation]
 60980 | Depths:2 | Gained mutation: You have sharp fingernails. [potion of
                  | mutation]
 60981 | Depths:2 | Lost mutation: Your mind is acute. (Int +4, Str/Dex -1)
                  | [potion of mutation]
 60981 | Depths:2 | Lost mutation: You are clumsy. (Dex -2) [potion of
                  | mutation]
 60981 | Depths:2 | Lost mutation: You have a pair of small horns on your head.
                  | [potion of mutation]
 60981 | Depths:2 | Lost mutation: You are mostly covered in iridescent scales.
                  | (AC +4) [potion of mutation]
 60981 | Depths:2 | Lost mutation: You are partially covered in iridescent
                  | scales. (AC +2) [potion of mutation]
 60981 | Depths:2 | Lost mutation: You have sharp fingernails. [potion of
                  | mutation]
 60981 | Depths:2 | Gained mutation: You have hidden genetic defects. [potion
                  | of mutation]
 60981 | Depths:2 | Gained mutation: Your mind is acute. (Int +4, Str/Dex -1)
                  | [potion of mutation]
 60981 | Depths:2 | Gained mutation: You are agile. (Dex +4, Str/Int -1)
                  | [potion of mutation]
 60981 | Depths:2 | Gained mutation: Your spells are a little harder to cast,
                  | but a little more powerful. [potion of mutation]
 60981 | Depths:2 | Gained mutation: You are robust. (+10% HP) [potion of
                  | mutation]
 60981 | Depths:2 | Gained mutation: Your spells are harder to cast, but more
                  | powerful. [potion of mutation]
 61059 | Depths:2 | Found a snail-covered altar of Cheibriados.
 61843 | Snake:4  | Bought a glowing crystal plate armour for 3818 gold pieces
 62253 | Depths:3 | Reached skill level 27 in Armour
 62279 | Depths:3 | Identified the +1 robe "Atemesm" {Fly rCorr Str-2}
 62323 | Depths:3 | Found a corrupted altar of Lugonu.
 62407 | Depths:3 | Identified the +11 quarterstaff "Muaraer" {venom, rElec
                  | Dex+3 Stlth+}
 62684 | Depths:3 | Gained mutation: Your body sometimes deteriorates upon
                  | taking damage. [hidden defects]
 63166 | Depths:3 | Paralysed by something for 2 turns
 63583 | Depths:3 | Lost mutation: Your mind is acute. (Int +4, Str/Dex -1)
                  | [hidden defects]
 63583 | Depths:3 | Lost mutation: You have hidden genetic defects. [hidden
                  | defects expressed]
 63645 | Depths:3 | Identified the +7 long sword of Casiraf {flame, Str+3}
 64052 | Depths:3 | Identified the amulet of Nidavvi {rN++ Regen+}
 64132 | Depths:3 | Reached XP level 25. HP: 179/278 MP: 30/35
 64606 | Depths:3 | Found a bloodstained altar of Trog.
 64818 | Depths:4 | Entered Level 4 of the Depths
 64923 | Depths:4 | Identified the ring "Real" {Ice Slay+3}
 64923 | Depths:4 | Noticed Josephina
 65405 | Depths:3 | Killed Josephina
 65492 | Depths:4 | Identified the +0 ring mail "Cut Topp" {Will- Str+2 Dex+3}
 65668 | Depths:4 | Noticed Parghit
 65868 | Depths:3 | Killed Parghit
 66262 | Depths:4 | Found a gate to the Realm of Zot.
 66485 | Depths:4 | Found Veloemaw's Jewellery Shoppe.
 66485 | Depths:4 | Found Tuluac's Book Boutique.
 66486 | Depths:4 | Found Kebbum's Book Boutique.
 67061 | Swamp:2  | Killed Kacaoki's ghost
 67410 | Crypt:1  | Entered Level 1 of the Crypt
 68065 | Crypt:2  | Paralysed by a vampire knight for 2 turns
 68135 | Crypt:2  | Noticed Jory
 68172 | Crypt:2  | Killed Jory
 68417 | Crypt:2  | Found a transporter.
 68464 | Crypt:2  | Found a transporter.
 68904 | Crypt:2  | Noticed an ancient lich
 68926 | Crypt:2  | Killed an ancient lich
 69108 | Crypt:2  | Got Hixa's Omnibus of the Grounded Arsonist
 69123 | Crypt:2  | Identified the ring "Heaps" {rElec MP+9 Dex+2}
 69131 | Crypt:2  | Identified the ring of Tiaw Wasch {rElec rPois rC- rN+
                  | Dex+6}
 69137 | Crypt:2  | Identified the ring "Zudab" {rPois rC+ rCorr Str-5 Slay+3}
 69172 | Crypt:3  | Entered Level 3 of the Crypt
 69624 | Crypt:3  | Identified the +8 flail "Uthrik" {flame, rElec rPois Int+4}
 69861 | Crypt:3  | Found a staircase to the Tomb.
 69925 | Crypt:3  | Identified the amulet of the Ancients {rF+ rN+ Regen+ Str-2
                  | Dex+2}
 70233 | Crypt:3  | Reached XP level 26. HP: 296/298 MP: 35/35
 70265 | Crypt:3  | Identified the ring of the Invisible Hand {rC+ rN+ Int+3}
 70362 | Crypt:3  | Noticed an ancient lich
 70362 | Crypt:3  | Noticed an ancient lich
 70403 | Crypt:3  | Killed an ancient lich
 70413 | Crypt:3  | Killed an ancient lich
 70460 | Crypt:3  | Noticed a dread lich
 70460 | Crypt:3  | Noticed an ancient lich
 70514 | Crypt:2  | Killed an ancient lich
 70527 | Crypt:3  | Killed a dread lich
 70538 | Crypt:3  | Identified the ring of the Good {Drain rN+ Will+ Str+2}
 70543 | Crypt:3  | Got Even More Spellweaving
 70561 | Crypt:3  | Identified the +11 sling "Gokung" {antimagic, rElec rF+++
                  | Str-2 SInv}
 70566 | Crypt:3  | Identified the +7 shortbow "Yhaimmea" {elec, Str+2}
 70717 | Vaults:5 | Noticed an ancient lich
 70733 | Vaults:4 | Killed an ancient lich
 71142 | Vaults:5 | Noticed an ancient lich
 71261 | Vaults:4 | Killed an ancient lich
 72073 | Vaults:5 | Identified the +7 war axe of Gaaminom {freeze, Will+ Str+5}
 72123 | Vaults:5 | Found the +2 Maxwell's thermic engine {flame, freeze}
 72346 | Vaults:5 | Got a silver rune of Zot
 72894 | Vaults:5 | Reached skill level 27 in Fighting
 72910 | Vaults:5 | Identified the +6 trident "Egut" {protect, +Blink Dex+5}
 73043 | Vaults:5 | Identified the +2 shortbow "Nusozaoq" {flame, Str+3 Int+3}
 73506 | Zot:1    | Entered Level 1 of the Realm of Zot
 73525 | Zot:1    | Found a transporter.
 73526 | Zot:1    | Noticed a dread lich
 73769 | Zot:5    | Entered Level 5 of the Realm of Zot
 73916 | Zot:5    | Identified the +3 shortbow "Gicent" {freeze, rPois rC- rN+
                  | rCorr}
 73963 | Zot:5    | Reached skill level 10 in Dodging
 74460 | Zot:5    | Noticed a dread lich
 74464 | Zot:5    | Killed a dread lich
 74546 | Zot:5    | Reached XP level 27. HP: 287/319 MP: 35/35
 74816 | Zot:5    | Noticed an orb of fire
 74816 | Zot:5    | Noticed an orb of fire
 74819 | Zot:5    | Gained mutation: You are dopey. (Int -2) [an orb of fire]
 74824 | Zot:5    | Gained mutation: You have supernaturally acute eyesight.
                  | (SInv) [an orb of fire]
 74828 | Zot:5    | Killed an orb of fire
 74832 | Zot:5    | Killed an orb of fire
 75445 | Zot:5    | Noticed an orb of fire
 75446 | Zot:5    | Got the Orb of Zot
 75476 | Zot:4    | Noticed Xuruzoc the pandemonium lord
 75517 | Zot:4    | Killed Xuruzoc the pandemonium lord
 75923 | D:5      | Noticed Ugemumu the pandemonium lord
 75923 | D:5      | Noticed an ancient lich
 76023 | D:$      | Escaped with the Orb!

Illustrated notes

Levels and vault maps discovered:
D:1:      dpeg_arrival_renting, layout_loops_corners,
          hellmonk_ecumenical_altar_pennies_from_heaven, feat_on_display
D:2:      layout_basic, serial_corexii_hall, chequers_hall_statues_wall_a,
          corexii_hall_statues_x, chequers_hall_statues_y,
          hangedman_decor_riveting, chequers_serial_rivers_micro_c,
          minmay_pentomino_s2, uniq_jessica, uniq_sigmund
D:3:      layout_loops_ring, nicolae_ashenzari_panopticon,
          kennysheep_generic_room_9
D:4:      layout_loops_corners, serial_shops, shop, portal_sewer_entry_b,
          minmay_goblin_outpost, uniq_duvessa
D:5:      layout_basic, nicolae_overflow_crystal_walls,
          mainiacjoe_overflow_alcove_1, lemuel_tele_altar,
          nicolae_elevator_lobby_asterisk, uniq_ijyb
D:6:      layout_cave_pools, trog_hazing_becter, general_overflow_altar,
          nicolae_sif_muna_condensation
D:7:      layout_loops_ring, dk_yredelemnul_ordeal,
          minmay_temple_entry_from_below_a
D:8:      layout_basic, tso_oasis_becter
D:9:      minmay_flawed_box, layout_stronghold, uniq_maurice
D:10:     minmay_twisted_water, layout_rooms, nicolae_qazlal_style_of_elements,
          enter_trove_3, minmay_misc_feat_x, minmay_misc_feat_chi,
          lightli_church_of_beogh, uniq_fannar, uniq_maggie
D:11:     layout_big_octagon, serial_shops, nicolae_shop_waterfront
D:12:     layout_irregular_city, xom_shifter_show
D:13:     layout_loops_cross, skrybe_vaults_entry_preservation, serial_demonic,
          serial_demonic_b, serial_demonic_d, serial_demonic_b,
          serial_demonic_f, serial_demonic_d, minmay_misc_feat_rows,
          serial_bayou_lagoon_b, uniq_azrael
D:14:     layout_irregular_city, nrook_campfire, uniq_louise
D:15:     grunt_enter_depths_magical_seal, layout_cave_pools, serial_bayou,
          serial_bayou_pond_b, serial_bayou_shore_b, serial_bayou_pond_d,
          serial_bayou_pond_a, grunt_decor_arrowhead
Lair:1:   beast_lair_carwin_large_4, layout_hall_layers
Lair:2:   layout_chaotic_city, minmay_snake_entry_guardpost_small,
          gammafunk_ghost_arena, grunt_megastairs_2
Lair:3:   layout_regular_city, nicolae_swamp_entry_spooky, grunt_megastairs_3
Lair:4:   layout_gridlike, infiniplex_staircase_pool, uniq_rupert
Lair:5:   grunt_lair_end_beastmaster, layout_regular_city, slime_entry_1,
          gammafunk_ghost_hydra_chop, portal_ice_cave_rime
Swamp:1:  layout_falls_marsh, evilmike_swamp_ruin_rubble_1
Swamp:2:  layout_falls_marsh, hellmonk_ghost_happy_afterlife,
          evilmike_swamp_ruin_house_5
Swamp:3:  layout_basic_swamp, hangedman_swamp_ruin_wall
Swamp:4:  swamp_alternative, layout_basic_swamp
Snake:1:  layout_cave_pods, serial_shops, shop, basic_altar,
          nicolae_snake_springs, grunt_megastairs_4, uniq_aizul
Snake:2:  layout_onion_interference
Snake:3:  layout_rooms, serial_shops, shop
Snake:4:  grunt_snake_rune_spirals, layout_concentric_octagons, serial_shops,
          nicolae_lakefront_shop, nicolae_shop_behind_doors, shop, shop, shop
Orc:1:    layout_caves, serial_shops, shop, nicolae_orc_stony_grotto,
          nicolae_orc_lava_tube, nicolae_orc_flooded_monolith
Orc:2:    st_orc_mages, layout_caves
Elf:1:    eino_elf_arrival_the_gate, layout_loops_corners, basic_altar
Elf:2:    nicolae_elf_blades_splatter_lattice
          [nicolae_blade_entry_hurt_lockers], layout_loops_cross, uniq_zenata
Elf:3:    elf_hall_gauntlet_narrow, layout_geoelf_grid
Vaults:1: v_misc_30, ontoclasm_vaults_pinch, grunt_vaults_hallway_short,
          nicolae_vaults_an_arrangement, nicolae_vaults_little_squares_5,
          hangedman_vaults_trim, layout_vaults_omnigrid, uniq_nikola,
          uniq_donald
Vaults:2: minmay_crypt_entry_simple_plaza,
          vaults_standard_mumra_enter_the_diamond, vaults_room_fours,
          nicolae_vaults_border_crossing, vaults_room_hallway,
          nicolae_vaults_network_quincunx
          [nicolae_vaults_network_quincunx_subvault,
          nicolae_vaults_network_quincunx_subvault,
          nicolae_vaults_network_quincunx_subvault,
          nicolae_vaults_network_quincunx_subvault,
          nicolae_vaults_network_quincunx_subvault],
          nicolae_vaults_sealed_display, v_misc_24, nicolae_vaults_octagons,
          vaults_mumra_chevron, v_misc_15, dpeg_vaults_monster_row,
          vaults_room_pools, nicolae_vaults_rhombus_5, vaults_dpeg_hooks,
          layout_vaults_omnibox
Vaults:3: mu_enter_wizlab_3, v_misc_22, nicolae_vaults_rhombus_6,
          gammafunk_sealed_arena, v_misc_18,
          vaults_standard_mumra_enter_the_diamond, ontoclasm_vaults_hangar,
          nicolae_vaults_ring_of_whatevers, grunt_vaults_twisty, v_misc_33,
          v_misc_12, nicolae_vaults_little_squares_2,
          layout_vaults_chaotic_city, uniq_mennas, uniq_margery
Vaults:4: v_rooms_1, v_misc_27, grunt_vaults_hallway_long, v_pattern_5,
          v_misc_9, vaults_mumra_lcd, nicolae_vaults_twisting_passages,
          vaults_room_stairs_pillars, nicolae_vaults_little_squares_5,
          hangedman_vaults_pinch, layout_vaults_omnicross, uniq_sojobo
Vaults:5
Crypt:1:  layout_rooms, hex_intersection
Crypt:2:  gammafunk_its_a_trap, layout_regular_city, uniq_jory
Crypt:3:  david_glass_crypt, layout_gridlike, nicolae_tomb_entry_grand_gallery
Depths:1: layout_cave_shapes, enter_ziggurat_a, hellmouth_3, minmay_three_doors,
          uniq_enchantress
Depths:2: nicolae_hexawheel, layout_gridlike,
          nicolae_abyss_entry_one_way_or_another, grunt_hell_entry_dis_mu,
          rand_demon_pan_entry_4, cheibriados_altar_1, corexii_corridor_pit,
          uniq_asterion
Depths:3: minmay_octagon_city, layout_cave_pools, lightli_too_deep,
          abyss_entry_flame_altar, evilmike_spriggan_trog_shrine
Depths:4: evilmike_zot_entry_round, layout_cave_pools, pf_hell_entry_great_geh,
          serial_bayou_shore_a, minmay_shop_grove, uniq_parghit, uniq_josephina
Zot:1:    nicolae_zot_stationary_front, layout_gridlike,
          gammafunk_ghost_abyssal_escape, serial_nicolae_subway,
          nicolae_sub_station_crystal, nicolae_sub_station_stone,
          nicolae_sub_station_metal
Zot:2:    hangedman_snap_crack_crunch, layout_concentric_octagons
Zot:3:    layout_cathedral_of_symmetry, zot_minivault_2
Zot:4:    layout_gridlike, gammafunk_ghost_crypt
Zot:5:    layout_basic

Skill      XL: |  1  2  3  4  5  6  7  8  9 10 11 12 13 14 15 16 17 18 19 20 21 22 23 24 25 26 27 |
---------------+----------------------------------------------------------------------------------+-----
Axes           | 3 4 |  4.0
Throwing       | 3 4 |  4.0
Short Blades   | 1 4 |  4.0
Fighting       | 5 8 10 11 15 16 20 22 25 27 | 27.0
Armour         | 4 10 12 13 20 25 27 | 27.0
Evocations     | 4 6 7 14 | 14.7
Polearms       | 6 |  6.3
Maces & Flails | 9 13 15 18 19 | 19.8
Dodging        | 4 8 12 14 | 14.5
Spellcasting   | 6 8 |  8.0
Stealth        | |  2.1

Action                     |  1- 3 |  4- 6 |  7- 9 | 10-12 | 13-15 | 16-18 | 19-21 | 22-24 | 25-27 || total
---------------------------+-------+-------+-------+-------+-------+-------+-------+-------+-------++-------
  Melee: Hand axe          |    61 |    16 |       |       |       |       |       |       |       ||    77
         Tailslap          |     4 |    18 |    55 |   138 |   217 |    68 |   427 |   451 |   425 ||  1803
         Dagger            |       |   130 |   407 |    89 |       |       |       |       |       ||   626
         Punch             |       |     2 |     2 |    13 |       |       |       |       |       ||    17
         Unarmed           |       |       |     7 |       |       |       |       |       |       ||     7
         Trident           |       |       |       |   200 |       |       |       |       |       ||   200
         Morningstar       |       |       |       |   582 |    32 |       |       |       |       ||   614
         Great mace        |       |       |       |       |  1200 |   465 |  2056 |  2046 |  1690 ||  7457
         Kick              |       |       |       |       |       |       |       |   236 |   910 ||  1146
  Throw: Dart              |     2 |     4 |    32 |    36 |     4 |       |     3 |       |       ||    81
         Boomerang         |       |       |     6 |     7 |       |       |       |       |       ||    13
         Throwing net      |       |       |       |     1 |       |       |       |       |       ||     1
  Evoke: Wand              |       |       |     8 |    34 |    20 |     4 |    11 |    16 |     2 ||    95
         Box of beasts     |       |       |       |       |     3 |     1 |     2 |     1 |       ||     7
         Tin of tremorston |       |       |       |       |     2 |     2 |    10 |    17 |     4 ||    35
         Condenser vane    |       |       |       |       |       |     3 |     9 |     9 |     5 ||    26
         Phial of floods   |       |       |       |       |       |       |       |     3 |       ||     3
         Phantom mirror    |       |       |       |       |       |       |       |       |     2 ||     2
    Use: Scroll            |     1 |     3 |    16 |     8 |    17 |     2 |     9 |     7 |    14 ||    77
         Potion            |       |       |     1 |     8 |    20 |     2 |    15 |    13 |     8 ||    67
   Stab: Sleeping          |     4 |     8 |     1 |       |       |       |       |       |       ||    13
         Invisible         |       |       |       |     1 |     9 |       |     1 |     1 |       ||    12
         Distracted        |       |       |       |       |     3 |       |     3 |       |     2 ||     8
         Confused          |       |       |       |       |       |       |     3 |       |       ||     3
 Armour: Robe              |    11 |    14 |       |       |       |       |       |       |       ||    25
         Ring mail         |    11 |    15 |       |       |   354 |       |       |       |       ||   380
         Leather armour    |       |     9 |    41 |       |    89 |       |       |       |       ||   139
         Chain mail        |       |       |   186 |   839 |     5 |       |       |       |       ||  1030
         Skin              |       |       |       |    16 |       |       |       |       |       ||    16
         Plate armour      |       |       |       |       |   464 |   305 |  1950 |  1450 |       ||  4169
         Crystal plate arm |       |       |       |       |       |       |       |   608 |   246 ||   854
         Gold dragon scale |       |       |       |       |       |       |       |       |  1456 ||  1456
  Dodge: Dodged            |    25 |    52 |   159 |   379 |   579 |   123 |   611 |  1059 |   870 ||  3857

Table legend: (Time is in decaauts)
 A = Elapsed time spent in this place.
 B = Non-inter-level travel time spent in this place.
 C = Inter-level travel time spent in this place.
 D = Time resting spent in this place.
 E = Time spent auto-exploring this place.
 F = Levels seen in this place.
 G = Mean time per level.
                   A        B        C        D        E       F      G
               +--------+--------+--------+--------+--------+-----+--------+
         Total |  74343 |  68514 |   5829 |  24994 |  24072 |  57 | 1304.3 |
       Dungeon |  18603 |  16436 |   2167 |   4871 |   7650 |  15 | 1240.2 |
          Lair |  10373 |   9366 |   1007 |   4121 |   3116 |   5 | 2074.6 |
         Swamp |   2868 |   2662 |    206 |    806 |   1254 |   4 |  717.0 |
     Snake Pit |   7624 |   7115 |    509 |   3149 |   2372 |   4 | 1906.0 |
  Orcish Mines |   1848 |   1706 |    142 |    446 |    709 |   2 |  924.0 |
   Elven Halls |   4429 |   4160 |    269 |   1795 |   1290 |   3 | 1476.3 |
        Vaults |  11612 |  10763 |    849 |   4267 |   4103 |   5 | 2322.4 |
         Crypt |   3136 |   2973 |    163 |    750 |   1164 |   3 | 1045.3 |
        Depths |   7274 |   6762 |    512 |   2404 |   1995 |   4 | 1818.5 |
           Zot |   2033 |   2033 |      0 |    616 |    393 |   5 |  406.6 |
         Abyss |   1799 |   1799 |      0 |    466 |      0 |   4 |  449.8 |
         Sewer |    517 |    517 |      0 |      0 |      0 |   1 |  517.0 |
      Ice Cave |   1042 |   1042 |      0 |    497 |     26 |   1 | 1042.0 |
        Wizlab |   1179 |   1179 |      0 |    801 |      0 |   1 | 1179.0 |
               +--------+--------+--------+--------+--------+-----+--------+

Top non-repeatable levels by time:
Vaults:4: 4016 daAuts
 Snake:4: 2726 daAuts
Depths:3: 2687 daAuts
  Lair:5: 2496 daAuts
Depths:2: 2454 daAuts
  Lair:1: 2416 daAuts
Vaults:2: 2397 daAuts
  Lair:2: 2305 daAuts
    D:13: 2275 daAuts
     D:9: 2139 daAuts
Vaults:3: 2112 daAuts
 Snake:1: 1990 daAuts
 Snake:3: 1962 daAuts
   Elf:2: 1846 daAuts
 Abyss:3: 1799 daAuts
